 Dungeon Crawl Stone Soup version 0.29-a0-553-g81b289dbe5 (webtiles) character file.

Game seed: 7984778872539009449

231 DocClef the Covert (level 6, -8/47 HPs)
             Began as a Gnoll Delver on June 7, 2022.
             Was a Follower of Hepliaklqana.
             Mangled by Duvessa
             ... wielding a +1 short sword of protection
              (13 damage)
             ... on level 4 of the Dungeon.
             The game lasted 00:02:00 (1546 turns).

DocClef the Covert (Gnoll Delver)                   Turns: 1546, Time: 00:02:01

Health: -8/47      AC:  3    Str: 14    XL:     6   Next: 4%
Magic:  8/8        EV: 13    Int:  9    God:    Hepliaklqana [*.....]
Gold:   64         SH:  0    Dex: 13    Spells: 8/8 levels left

rFire   . . .      SeeInvis .   a - +0 short sword
rCold   . . .      Faith    .   (no shield)
rNeg    . . .      Spirit   .   b - +0 leather armour
rPois   .          Reflect  .   (no helmet)
rElec   .          Harm     .   (no cloak)
rCorr   .          Rampage  .   (no gloves)
Will    .....                   (no boots)
Stlth   ++++......              (no amulet)
HPRegen 0.15/turn               (no ring)
MPRegen 0.11/turn               (no ring)

@: no status effects
A: reduced essence, fangs 1, strong nose, distributed training
a: Renounce Religion, Recall Ancestor, Ancestor Identity


You were on level 4 of the Dungeon.
You worshipped Hepliaklqana.
Hepliaklqana was aware of your devotion.
You visited 1 branch of the dungeon, and saw 2 of its levels.

You collected 64 gold pieces.

Inventory:

Hand Weapons
 a - a +0 short sword (weapon)
Armour
 b - a +0 leather armour (worn)
Wands
 g - a wand of digging (3)
Scrolls
 c - 2 scrolls of fog
 d - 2 scrolls of magic mapping
 e - a scroll of fear
 j - a scroll of identify {unknown}
 k - a scroll of teleportation {unknown}
Potions
 f - 2 potions of haste
 h - a potion of curing {unknown}
 i - a potion of brilliance {unknown}


   Skills:
 + Level 6.7 Fighting
 + Level 4.9 Short Blades
 + Level 1.7 Long Blades
 + Level 1.7 Axes
 + Level 1.7 Maces & Flails
 + Level 1.7 Polearms
 + Level 1.7 Staves
 + Level 1.7 Slings
 + Level 1.7 Bows
 + Level 1.7 Crossbows
 + Level 1.7 Throwing
 + Level 1.7 Armour
 + Level 4.9 Dodging
 + Level 9.7 Stealth
 + Level 1.7 Shields
 + Level 1.7 Unarmed Combat
 + Level 1.7 Spellcasting
 + Level 1.3 Conjurations
 + Level 1.3 Hexes
 + Level 1.3 Summonings
 + Level 1.3 Necromancy
 + Level 1.3 Translocations
 + Level 1.3 Transmutations
 + Level 1.3 Fire Magic
 + Level 1.3 Ice Magic
 + Level 1.3 Air Magic
 + Level 1.3 Earth Magic
 + Level 1.3 Poison Magic
 + Level 2.0 Invocations
 + Level 1.7 Evocations


You had 8 spell levels left.
You didn't know any spells.
Your spell library was empty.

Dungeon Overview and Level Annotations

Branches:
Dungeon (5/15)
 Temple: D:4-7

Altars:
Hepliaklqana
Qazlal

Annotations:
D:4 Duvessa
D:5 Eustachio


Innate Abilities, Weirdness & Mutations

Your life essence is reduced to manifest your ancestor. (-10% HP)
You have very sharp teeth.
Your uncanny sense of smell can sniff out nearby items.
Your experience applies equally to all skills.


Message History

Duvessa goes berserk!
Your Invocations skill increases to level 2!
You have reached level 6!
Xolani remembers more of his old skill.
You catch the helpless Duvessa completely off-guard!
You hit Duvessa.
Duvessa is lightly wounded.
Duvessa hits you with a +1 short sword of protection!
Unknown command.
You hit Duvessa but do no damage. You bite Duvessa, but do no damage.
Duvessa is lightly wounded.
Duvessa hits you with a +1 short sword of protection.
Duvessa attacks as you move away! Duvessa closely misses you.
Xolani closely misses the hobgoblin.
Duvessa barely misses you. Duvessa attacks as you move away!
Duvessa hits you with a +1 short sword of protection!
The hobgoblin closely misses you.
Xolani hits the hobgoblin.
The hobgoblin dies!
You closely miss Duvessa.
Duvessa is lightly wounded.
Duvessa closely misses you.
Xolani hits Duvessa but does no damage.
You barely miss Duvessa.
Duvessa is lightly wounded.
Duvessa barely misses you.
Duvessa hits you with a +1 short sword of protection!
* * * LOW HITPOINT WARNING * * *
Xolani hits Duvessa but does no damage.
Unknown command.
Xolani hits Duvessa.
Duvessa hits you with a +1 short sword of protection.
* * * LOW HITPOINT WARNING * * *
Unknown command.
Duvessa closely misses you.
You can't see any enemies this would affect, really read the scroll of fear?
Okay, then.
Okay, then.
Duvessa attacks as you move away! Duvessa barely misses you.
There is a stone staircase leading up here.
Duvessa hits you with a +1 short sword of protection!
You die...

+...#.#....#..#....'..#....
#..........#..#....#..#....
#..........#..'....#..'....
#.....>....####....####....
...#####......>...###
###### .... #..........#
#..... g.. #.....R....#
#..... .. #....e.....#
#..... #...@......# #.....
#..........### #####.
##...........#######.
#...........#...#.[.
#....(......'...#...
#...........#####..#
##....####.....##'## #....#
#.....#.... #....#
#.....'....


You could see the friendly Xolani the ancestor and Duvessa (berserk, ally
target).

Vanquished Creatures
  A phantom (D:4)
  Dowan (D:4)
  2 iguanas (D:5)
  An orc wizard (D:5)
  2 adders
  3 orcs
  2 ball pythons (D:4)
  An endoplasm (D:4)
  A giant cockroach (D:4)
  3 goblins (D:4)
  A kobold (D:4)
18 creatures vanquished.

Vanquished Creatures (collateral kills)
  A hobgoblin (D:4)
1 creature vanquished.

Grand Total: 19 creatures vanquished

Notes
Turn   | Place    | Note
-------+----------+-------------------------------------------
     0 | D:5      | Reached skill level 9 in Stealth
     0 | D:5      | DocClef the Gnoll Delver began the quest for the Orb.
     0 | D:5      | Reached XP level 1. HP: 23/23 MP: 1/1
    15 | D:5      | Noticed an iguana
    24 | D:5      | Killed an iguana
    25 | D:5      | Reached XP level 2. HP: 3/29 MP: 2/2
    25 | D:5      | Reached XP level 3. HP: 4/35 MP: 3/3
   380 | D:5      | Reached skill level 1 in Long Blades
   380 | D:5      | Reached skill level 1 in Axes
   380 | D:5      | Reached skill level 1 in Maces & Flails
   380 | D:5      | Reached skill level 1 in Polearms
   380 | D:5      | Reached skill level 1 in Staves
   380 | D:5      | Reached skill level 1 in Slings
   380 | D:5      | Reached skill level 1 in Bows
   380 | D:5      | Reached skill level 1 in Crossbows
   380 | D:5      | Reached skill level 1 in Throwing
   380 | D:5      | Reached skill level 1 in Armour
   380 | D:5      | Reached skill level 1 in Shields
   380 | D:5      | Reached skill level 1 in Unarmed Combat
   380 | D:5      | Reached skill level 1 in Spellcasting
   380 | D:5      | Reached skill level 1 in Invocations
   380 | D:5      | Reached skill level 1 in Evocations
   629 | D:5      | Found a hazy altar of Hepliaklqana.
   629 | D:5      | Found a stormy altar of Qazlal.
   738 | D:5      | Reached XP level 4. HP: 41/41 MP: 5/5
   812 | D:5      | Became a worshipper of Hepliaklqana the Forgotten
   924 | D:5      | Reached skill level 1 in Conjurations
   924 | D:5      | Reached skill level 1 in Hexes
   924 | D:5      | Reached skill level 1 in Summonings
   924 | D:5      | Reached skill level 1 in Necromancy
   924 | D:5      | Reached skill level 1 in Translocations
   924 | D:5      | Reached skill level 1 in Transmutations
   924 | D:5      | Reached skill level 1 in Fire Magic
   924 | D:5      | Reached skill level 1 in Ice Magic
   924 | D:5      | Reached skill level 1 in Air Magic
   924 | D:5      | Reached skill level 1 in Earth Magic
   924 | D:5      | Reached skill level 1 in Poison Magic
   960 | D:5      | Noticed Eustachio
  1168 | D:4      | Noticed a phantom
  1190 | D:4      | Reached * piety under Hepliaklqana
  1196 | D:4      | Killed a phantom
  1197 | D:4      | Reached XP level 5. HP: 27/42 MP: 5/7
  1530 | D:4      | Noticed Dowan
  1531 | D:4      | Noticed Duvessa
  1533 | D:4      | Killed Dowan
  1534 | D:4      | Reached XP level 6. HP: 47/47 MP: 8/8
  1546 | D:4      | Mangled by Duvessa

Illustrated notes

Levels and vault maps discovered:
D:4:      minmay_skewed_foursquare, layout_gridville,
          minmay_temple_entry_large_hall, uniq_duvessa, uniq_sigmund
D:5:      layout_gridville, zin_statuary, amethyst_overflow_temple_binary,
          serial_shops, shop, kennysheep_generic_room_16, uniq_eustachio

Skill      XL: |  1  2  3  4  5 |
---------------+----------------+-----
Stealth        | |  9.7
Long Blades    | 1 |  1.7
Axes           | 1 |  1.7
Maces & Flails | 1 |  1.7
Polearms       | 1 |  1.7
Staves         | 1 |  1.7
Slings         | 1 |  1.7
Bows           | 1 |  1.7
Crossbows      | 1 |  1.7
Throwing       | 1 |  1.7
Armour         | 1 |  1.7
Shields        | 1 |  1.7
Unarmed Combat | 1 |  1.7
Spellcasting   | 1 |  1.7
Invocations    | 1 2 |  2.0
Evocations     | 1 |  1.7
Conjurations   | 1 |  1.3
Hexes          | 1 |  1.3
Summonings     | 1 |  1.3
Necromancy     | 1 |  1.3
Translocations | 1 |  1.3
Transmutations | 1 |  1.3
Fire Magic     | 1 |  1.3
Ice Magic      | 1 |  1.3
Air Magic      | 1 |  1.3
Earth Magic    | 1 |  1.3
Poison Magic   | 1 |  1.3
Fighting       | |  6.7
Short Blades   | |  4.9
Dodging        | |  4.9

Action                   |  1- 3 |  4- 6 || total
-------------------------+-------+-------++-------
Melee: Short sword       |    25 |    48 ||    73
       Bite              |       |     4 ||     4
 Stab: Sleeping          |     1 |     6 ||     7
       Distracted        |       |     2 ||     2
Armor: Leather armour    |     5 |     7 ||    12
Dodge: Dodged            |    14 |    32 ||    46

Table legend: (Time is in decaauts)
 A = Elapsed time spent in this place.
 B = Non-inter-level travel time spent in this place.
 C = Inter-level travel time spent in this place.
 D = Time resting spent in this place.
 E = Time spent auto-exploring this place.
 F = Levels seen in this place.
 G = Mean time per level.
                   A        B        C        D        E       F      G
               +--------+--------+--------+--------+--------+-----+--------+
         Total |   1536 |   1462 |     74 |      7 |   1273 |   2 |  768.0 |
       Dungeon |   1536 |   1462 |     74 |      7 |   1273 |   2 |  768.0 |
               +--------+--------+--------+--------+--------+-----+--------+

Top non-repeatable levels by time:
     D:5: 969 daAuts
     D:4: 566 daAuts
